cohdb
Replays
Latest Replays
All Replays
Popular Replays
Top Player Replays
Match Explorer
How It Works
Community
CoH3 Stats
Reddit
Sign in to upload your games and track your stats! →
Sign in with Steam
Match 42930055
Unlisted
Match 42930055
Overview
Messages
Build Orders
End
Royal Engineer Section
Vickers Machine Gun Team
Construct Section Command Post
Infantry Section
Infantry Section
Construct Field Infirmary
Selects Air and Sea Battlegroup
Selects Commando Section Paradrop
Selects Commando Support Section Paradrop
Commando Support Section Paradrop
ML 3-inch Mortar Team
Construct Platoon Command Post
Commando Section Paradrop
Selects Supply Surplus
Construct Resource Cache
Construct Field Infirmary
6-pounder Anti-tank Gun Team
Forward Retreat Point
Construct Company Command Post
Infantry Section
Construct Resource Cache
Construct Resource Cache
Selects UNKNOWN (223837)
Centaur IV Medium Tank
Selects Anti-tank Rocket Loiter
Anti-tank Rocket Loiter
Infantry Training
Anti-tank Rocket Loiter
Tok3n x Operator
John Matrix
Farsit
XX_76_XX
Rav3n
Jhironia_3
0
0
Comments
sign in to comment!
No comments posted yet!